 Dungeon Crawl Stone Soup version 0.21.1-1-g345015f (webtiles) character file.

8244 wilfster70 the Cleaver (level 11, -7/84 HPs)
             Began as a Formicid Fighter on Feb 26, 2018.
             Was a Priest of Wu Jian.
             Mangled by Snorg (10 damage)
             ... on level 10 of the Dungeon.
             The game lasted 00:37:36 (11198 turns).

wilfster70 the Cleaver (Formicid Fighter)          Turns: 11198, Time: 00:37:37

Health: -7/84      AC: 16    Str: 23    XL:     11   Next: 52%
Magic:  11/11      EV:  8    Int: 12    God:    Wu Jian [***...]
Gold:   668        SH: 14    Dex: 12    Spells: 10/10 levels left

rFire    . . .     SeeInvis +   a - +1 battleaxe
rCold    . . .     Gourm    .   j - +2 shield
rNeg     . . .     Faith    .   l - +1 plate armour
rPois    .         Spirit   .   (helmet unavailable)
rElec    .         Reflect  .   (no cloak)
rCorr    .         Harm     .   C - +0 pair of gloves
MR       +....                  (no boots)
Stlth    ..........             y - amulet of regeneration
HPRegen  0.64/turn              w - +5 ring of intelligence
MPRegen  0.12/turn              (no ring)

@: no status effects
A: permanent stasis, dig shafts and tunnels, four strong arms, antennae 3
a: Dig, Shaft Self, Wall Jump, Serpent's Lash, Renounce Religion


You were on level 10 of the Dungeon.
You worshipped Wu Jian.
Wu Jian was most pleased with you.
You were hungry.

You visited 1 branch of the dungeon, and saw 10 of its levels.

You collected 668 gold pieces.

Inventory:

Hand Weapons
 a - a +1 battleaxe (weapon)
 b - a +0 shortbow
 k - a +0 morningstar
Missiles
 h - 101 sling bullets
 i - 195 stones (quivered)
 n - 144 arrows
Armour
 j - a +2 shield (worn)
 l - a +1 plate armour (worn)
 C - a +0 pair of gloves (worn)
Jewellery
 w - a +5 ring of intelligence (left hand)
 y - an amulet of regeneration (around neck)
 z - a +2 ring of dexterity
 B - an uncursed ring of resist corrosion {unknown}
 I - a +2 ring of protection
Wands
 d - a wand of flame (25)
 e - a wand of iceblast (18)
 v - a wand of polymorph (11)
 G - a wand of random effects (12)
Scrolls
 o - 8 scrolls of remove curse
 s - a scroll of amnesia
 u - 5 scrolls of fear
 D - 2 scrolls of magic mapping
Potions
 c - 3 potions of lignification
 g - a potion of heal wounds {unknown}
 m - 4 potions of curing
 p - a potion of magic
 r - a potion of mutation
 x - 2 potions of flight
 A - 4 potions of agility
 E - a potion of resistance
 F - a potion of brilliance
 H - a potion of ambrosia {unknown}
Books
 q - a book of Maledictions

   Spells                             Type                      Level
   a - Corona                         Hexes                        1
   b - Ensorcelled Hibernation        Hexes/Ice                    2
   c - Confuse                        Hexes                        3
   d - Tukima's Dance                 Hexes                        3
   e - Dazzling Spray                 Conjuration/Hexes            3
 t - a book of Frost

   Spells                             Type                      Level
   a - Freeze                         Ice                          1
   b - Throw Frost                    Conjuration/Ice              2
   c - Ozocubu's Armour               Charms/Ice                   3
   d - Throw Icicle                   Conjuration/Ice              4
   e - Summon Ice Beast               Ice/Summoning                4
Comestibles
 f - 17 rations


   Skills:
 - Level 7.0 Fighting
 * Level 12.0 Axes
 + Level 8.6 Armour
 + Level 3.9 Dodging
 - Level 9.0 Shields


You had 10 spell levels left.
You didn't know any spells.

Dungeon Overview and Level Annotations

Branches:
Dungeon (10/15)            Temple (0/1) D:7            Lair (0/6) D:10
    Orc: D:9-12

Altars:
Dithmenos
Elyvilon
Fedhas
Gozag
Hepliaklqana
Kikubaaqudgha
Makhleb
Ru
Sif Muna
Vehumet
Wu Jian
Xom
Yredelemnul
Zin

Shops:
D:5 :

Annotations:
D:10 EvilAshe's ghost, journeyman HaSk; Snorg


Innate Abilities, Weirdness & Mutations

You cannot be hasted, slowed, berserked, paralysed or teleported.
You can dig through walls and to a lower floor.
Your four strong arms can wield two-handed weapons with a shield.
You have a pair of large antennae on your head. (SInv)


Message History

Your plate armour prevents you from hitting the orc.
You barely miss the orc wizard.
The orc wizard hits you but does no damage.
You block Snorg's attack. x3; The orc hits you but does no damage.
The orc wizard closely misses you. Snorg closely misses you.
You block Snorg's attack. Snorg claws you but does no damage.
You feel better. You block the orc wizard's attack.
The orc wizard hits you but does no damage.
You block the orc's attack. Snorg bites you but does no damage.
Snorg claws you!
* * * LOW HITPOINT WARNING * * *
Snorg closely misses you.
You spin and attack the orc wizard.
You completely miss the orc wizard.
The orc wizard is heavily wounded.
You spin and attack the orc wizard.
You closely miss the orc wizard. You block the orc wizard's attack.
The orc wizard gestures wildly while chanting.
The orc wizard seems to speed up.
You block Snorg's attack. x2
Snorg claws you!
You die...

#......#.....#.......#
#......#.....#...........
#......#.....#...........
+......#######...........
#........................
.........................
.........................
.................o.......
#+##########....@To......
#..........#.....oo......
#..........#..../###+#...
#..........#.....# >
###........#.....###
..#........#.......#
..#........#.......#
..###'######.......#
...................#


You could see Snorg (berserk), 2 orc wizards and 2 orcs.

Vanquished Creatures
  Josephine (D:10)
  Erica (D:8)
  A gargoyle (D:10)
  A troll (D:10)
  2 hornets
  3 hippogriffs
  5 wraiths (D:10)
  Sigmund (D:2)
  A hungry ghost (D:9)
  Menkaure (D:6)
  Edmund (D:6)
  3 ice beasts
  2 sky beasts
  2 orc warriors
  A black bear (D:6)
  2 phantoms (D:5)
  5 ogres
  5 centaurs
  A big kobold (D:8)
  6 bullfrogs
  A wyvern zombie (D:9)
  3 scorpions
  6 killer bees (D:8)
  5 wights
  A howler monkey (D:4)
  A crimson imp (D:9)
  2 hounds
  A jelly (D:5)
  A gnoll shaman (D:7)
  2 orc priests
  A bullfrog skeleton (D:5)
  3 centaur skeletons
  2 iguanas
  6 orc wizards
  3 worker ants
  A hound zombie (D:9)
  A hound skeleton (D:5)
  2 worker ant zombies
  A howler monkey skeleton (D:4)
  6 gnolls
  9 adders
  4 river rats (D:5)
  An ooze (D:4)
  An adder skeleton (D:4)
  An adder zombie (D:9)
  7 worms
  6 dart slugs
  3 leopard geckos
  33 orcs
  10 giant cockroaches
  8 hobgoblins
  15 jackals
  6 quokkas
  A ball python (D:4)
  9 bats
  8 frilled lizards
  6 goblins
  17 kobolds
  8 rats
  2 plants
249 creatures vanquished.

Vanquished Creatures (others)
  An orc wizard (D:6)
1 creature vanquished.

Grand Total: 250 creatures vanquished

Notes
Turn   | Place    | Note
-------+----------+-------------------------------------------
     0 | D:1      | wilfster70 the Formicid Fighter began the quest for the Orb.
     0 | D:1      | Reached XP level 1. HP: 18/18 MP: 1/1
   174 | D:1      | Reached XP level 2. HP: 24/24 MP: 2/2
   359 | D:1      | Reached XP level 3. HP: 24/29 MP: 3/3
   653 | D:1      | Reached skill level 3 in Axes
   965 | D:1      | Reached XP level 4. HP: 37/37 MP: 4/4
  1224 | D:2      | Found a blossoming altar of Fedhas.
  1956 | D:2      | Reached XP level 5. HP: 42/42 MP: 5/5
  1965 | D:2      | Noticed Sigmund
  1970 | D:2      | Killed Sigmund
  1970 | D:2      | Reached skill level 4 in Axes
  1970 | D:2      | Reached XP level 6. HP: 36/49 MP: 6/6
  3093 | D:4      | Noticed an ogre
  3101 | D:4      | Killed an ogre
  3101 | D:4      | Reached XP level 7. HP: 55/55 MP: 7/7
  3119 | D:4      | Found a white marble altar of Elyvilon.
  3185 | D:4      | Reached skill level 5 in Axes
  3209 | D:5      | Entered Level 5 of the Dungeon
  3221 | D:4      | Reached skill level 5 in Fighting
  3221 | D:4      | Reached skill level 5 in Armour
  3288 | D:4      | Found a shadowy altar of Dithmenos.
  3397 | D:5      | Reached skill level 5 in Shields
  3425 | D:5      | Reached XP level 8. HP: 11/62 MP: 8/8
  3740 | D:6      | Found a basalt altar of Yredelemnul.
  3808 | D:6      | Reached skill level 6 in Axes
  3845 | D:6      | Noticed Edmund
  3862 | D:6      | Killed Edmund
  3982 | D:6      | Found an ornate altar of the Wu Jian Council.
  3990 | D:6      | Became a worshipper of the Wu Jian Council
  5417 | D:5      | Found Coosk's Book Shoppe.
  5558 | D:5      | Reached skill level 7 in Axes
  5558 | D:5      | Reached XP level 9. HP: 69/69 MP: 9/9
  5680 | D:5      | Reached * piety under Wu Jian
  6432 | D:5      | Reached ** piety under Wu Jian
  6432 | D:5      | Reached skill level 8 in Axes
  6477 | D:6      | Noticed Menkaure
  6484 | D:6      | Killed Menkaure
  6941 | D:6      | Reached XP level 10. HP: 30/79 MP: 10/10
  7111 | D:6      | Reached skill level 9 in Axes
  7122 | D:6      | Found a deep blue altar of Sif Muna.
  7526 | D:7      | Found an ancient bone altar of Kikubaaqudgha.
  7527 | D:7      | Found an opulent altar of Gozag.
  7528 | D:7      | Found a sacrificial altar of Ru.
  7845 | D:7      | Found a radiant altar of Vehumet.
  7875 | D:7      | Found a hazy altar of Hepliaklqana.
  7875 | D:7      | Found a blossoming altar of Fedhas.
  7900 | D:7      | Found a shimmering altar of Xom.
  7958 | D:7      | Found a burning altar of Makhleb.
  7961 | D:7      | Found a glowing silver altar of Zin.
  7961 | D:7      | Noticed an angel
  7962 | D:7      | Noticed a cacodemon
  8057 | D:7      | Found a staircase to the Ecumenical Temple.
  8642 | D:8      | Reached skill level 10 in Axes
  9495 | D:8      | Noticed Erica
  9509 | D:8      | Killed Erica
  9509 | D:8      | Reached skill level 1 in Dodging
  9907 | D:9      | Reached *** piety under Wu Jian
  9949 | D:9      | Reached skill level 11 in Axes
  9949 | D:9      | Reached XP level 11. HP: 84/84 MP: 11/11
 10421 | D:10     | Entered Level 10 of the Dungeon
 10555 | D:10     | Noticed EvilAshe's ghost (journeyman HaSk)
 10933 | D:10     | Noticed Josephine
 10955 | D:10     | Killed Josephine
 11083 | D:10     | Reached skill level 12 in Axes
 11185 | D:10     | Noticed Snorg
 11188 | D:10     | Found a staircase to the Lair.
 11197 | D:10     | HP: 2/84 [Snorg (13)]
 11198 | D:10     | Mangled by Snorg

Skill      XL: |  1  2  3  4  5  6  7  8  9 10 11 |
---------------+----------------------------------+-----
Axes           | 3 4 5 7 8 11 12 | 12.0
Armour         | 4 5 6 7 8 |  8.6
Fighting       | 4 5 6 7 |  7.0
Shields        | 4 5 6 7 9 |  9.0
Dodging        | 2 3 |  3.9

Action                   |  1- 3 |  4- 6 |  7- 9 | 10-12 || total
-------------------------+-------+-------+-------+-------++-------
Melee: War axe           |   129 |   165 |   356 |       ||   650
       Battleaxe         |       |       |    59 |   353 ||   412
 Fire: Shortbow          |       |       |     6 |       ||     6
Invok: Lunge             |       |       |    14 |    11 ||    25
       Whirlwind         |       |       |     4 |    13 ||    17
       Wall Jump         |       |       |     2 |    17 ||    19
  Use: Potion            |       |     1 |     1 |     3 ||     5
       Scroll            |       |       |    17 |     9 ||    26
  Eat: Chunk             |       |     8 |     9 |    12 ||    29
       Ration            |       |       |     1 |     1 ||     2
Armor: Scale mail        |    79 |    41 |       |       ||   120
       Plate armour      |       |    53 |   156 |   140 ||   349
Dodge: Dodged            |    41 |    50 |    61 |    87 ||   239
Block: Shield            |    96 |   121 |   262 |   261 ||   740
